Map: Orbital Shipyard

Players

Fiddletennis - Winner!

  • Race: Terran Terran
  • League: Diamond

LilDicky

  • Race: Terran Terran
  • League: Diamond

VOD

http://www.twitch.tv/tumescentpie

Description

Time

  • Played on: Dec. 26, 2015, 6:54 p.m.
  • Length: 3:07
Show
View Real Time Build Order
Export as new Build Order

Fiddletennis Terran - Winner!

Build Orders:  

Get SALT Encoding   

  12  0:01  SCV  
  13  0:13  SCV  
  14  0:20  Supply Depot  
  14  0:25  SCV  
  15  0:42  SCV  
  16  0:44  Barracks  
  16  0:46  Refinery  
  16  0:54  SCV  
  17  0:59  Supply Depot  
  17  1:06  SCV  
  18  1:14  Barracks  
  18  1:18  SCV  
  19  1:28  Refinery  
  20  1:36  Orbital Command  
  19  1:40  Reaper  
  20  1:52  Barracks  
  20  2:01  Reaper  
  20  2:05  SCV  
  22  2:12  Reaper  
  23  2:17  SCV  
  23  2:19  Supply Depot  
  24  2:29  SCV  
  25  2:34  Reaper  
  26  2:41  SCV  
  29  2:53  SCV  
Show
View Real Time Build Order
Export as new Build Order

LilDicky Terran 

Build Orders:  

Get SALT Encoding   

  12  0:02  SCV  
  13  0:14  SCV  
  14  0:26  Supply Depot  
  14  0:28  SCV  
  15  0:48  SCV  
  16  0:56  Barracks  
  16  1:00  SCV  
  17  1:12  SCV  
  17  1:15  Barracks  
  17  1:16  Barracks  
  18  1:24  SCV  
  19  1:39  SCV  
  20  1:40  Barracks  
  20  1:41  Barracks  
  20  1:45  Marine  
  21  1:53  Supply Depot  
  21  2:07  Marine x2  
  23  2:11  Orbital Command  
  23  2:14  Marine  
  24  2:23  Supply Depot  
  24  2:25  Marine  
  24  2:26  Marine  
  24  2:27  Marine  
  27  2:30  Marine  
  27  2:35  Marine  
  29  2:43  Marine  
  31  2:46  Marine  
  33  2:53  SCV  
Tags
 
Add a new tag
Caveats
  • Supply blocks, unpowered buildings, or Contaminate may cause inaccurate times.
  • Supply counts are checked every 10 seconds.